Map: Ulrena

Players

dTefel (Tefel)

  • Race: Zerg Zerg
  • League: Grandmaster

uThermal - Winner!

  • Race: Terran Terran
  • League: Grandmaster

Event: DreamHack ZOWIE Open Leipzig

VOD

Have the link to the VOD?

Description

Time

  • Played on: Jan. 22, 2016, 10:58 a.m.
  • Length: 12:14

All games in this series

Show
View Real Time Build Order
Export as new Build Order

dTefel Zerg 

Build Orders: Pool First, Zergling Roach Ravager, Zergling Ultralisk 

Get SALT Encoding   

  12  0:00  Drone  
  13  0:08  Drone  
  14  0:26  Spawning Pool  
  13  0:29  Drone  
  14  0:37  Overlord  
  14  0:42  Extractor  
  13  0:43  Drone  
  15  0:56  Drone  
  16  1:12  Queen  
  16  1:13  Zergling x2  
  16  1:14  Zergling x4  
  21  1:32  Hatchery  
  20  1:35  Drone  
  21  1:42  Overlord  
  21  1:49  Extractor  
  21  1:51  Queen  
  22  2:01  Drone  
  23  2:03  Drone  
  24  2:19  Drone x2  
  25  2:31  Drone x3  
  26  2:40  Drone  
  26  2:43  Drone, Queen  
  30  2:51  Drone  
  30  2:56  Roach Warren  
  30  2:57  Drone x3  
  33  3:03  Drone  
  34  3:06  Drone  
  34  3:07  Drone  
  36  3:19  Overlord  
  36  3:24  Drone  
  36  3:32  Overlord  
  36  3:38  Drone x3  
  39  3:43  Drone x3  
  39  3:44  Roach  
  44  3:49  Lair  
  44  3:51  Roach  
  44  3:54  Roach x2  
  50  3:55  Drone x2  
  52  4:06  Hatchery  
  51  4:12  Overlord  
  51  4:14  Spore Crawler  
  51  4:16  Roach  
  52  4:29  Overlord  
  52  4:30  Roach x3  
  58  4:31  Roach  
  58  4:33  Extractor  
  58  4:34  Drone  
  58  4:35  Drone, Extractor  
  58  4:37  Overlord  
  60  4:41  Overlord  
  60  4:47  Roach x2  
  60  4:48  Drone  
  65  4:57  Overlord  
  65  5:09  Drone x3, Overlord  
  65  5:10  Drone  
  65  5:11  Drone x2  
  65  5:13  Drone  
  72  5:16  Ravager  
  72  5:17  Drone  
  72  5:19  Drone  
  72  5:20  Drone  
  76  5:28  Evolution Chamber, Glial Reconstitution, Extractor  
  76  5:29  Drone x2  
  76  5:31  Drone  
  77  5:39  Drone x3  
  77  5:42  Drone x2  
  82  5:43  Drone, Infestation Pit  
  82  5:44  Roach x2  
  82  5:49  Roach  
  88  5:51  Roach  
  88  5:54  Drone x4  
  88  5:55  Drone  
  95  6:00  Zerg Melee Weapons Level 1  
  95  6:02  Overlord  
  95  6:03  Evolution Chamber  
  94  6:05  Overlord  
  94  6:07  Drone  
  95  6:12  Extractor  
  95  6:13  Drone x2, Extractor  
  95  6:19  Hive  
  95  6:20  Drone x2  
  95  6:21  Drone x3  
  100  6:29  Ravager x2  
  100  6:30  Overlord  
  97  6:36  Roach x2  
  98  6:41  Roach x2  
  98  6:43  Overlord  
  102  6:52  Overlord, Roach x3  
  105  6:55  Drone  
  105  6:56  Drone x2  
  105  6:58  Zergling x4  
  105  7:00  Zergling x4  
  112  7:13  Drone x4, Overlord  
  116  7:16  Zerg Ground Armor Level 1  
  114  7:27  Zergling x6  
  114  7:28  Metabolic Boost  
  117  7:32  Queen  
  119  7:37  Ultralisk Cavern  
  119  7:39  Zergling x12  
  119  7:41  Queen  
  119  7:42  Overlord  
  126  7:53  Drone  
  126  7:55  Zergling x4  
  129  8:00  Drone x3  
  132  8:13  Hatchery  
  132  8:14  Zergling x6  
  132  8:15  Overlord  
  132  8:17  Overlord x2  
  132  8:18  Zerg Melee Weapons Level 2  
  134  8:34  Ultralisk x3  
  134  8:35  Ultralisk  
  134  8:36  Zergling x2  
  159  8:46  Adrenal Glands  
  159  8:47  Overlord x2  
  159  8:58  Ultralisk  
  159  9:00  Zergling x12  
  171  9:03  Overlord  
  171  9:05  Drone x2  
  171  9:06  Baneling Nest  
  172  9:10  Hatchery  
  166  9:21  Ultralisk  
  166  9:24  Zergling x6  
  173  9:25  Zergling x12  
  173  9:26  Zergling x2  
  173  9:28  Zergling x2  
  173  9:29  Zergling x2  
  182  9:32  Zergling x4  
  184  9:39  Ultralisk  
  190  9:52  Baneling x6  
  188  9:53  Ultralisk  
  188  9:54  Zergling x6  
  197  10:03  Zergling x2  
  197  10:06  Ravager  
  198  10:07  Drone  
  198  10:09  Zergling x2  
  198  10:12  Overlord  
  200  10:19  Baneling  
  200  10:20  Baneling x3  
  200  10:21  Baneling x3  
  200  10:22  Zergling x2  
  200  10:23  Zergling x4  
  192  10:32  Zergling x4  
  192  10:33  Zergling x4  
  192  10:34  Zergling x4  
  188  10:35  Zergling x4  
  184  10:44  Baneling x3  
  184  10:45  Ultralisk, Baneling  
  184  10:46  Zergling x14  
  184  10:48  Zergling x2  
  195  10:53  Zergling x6  
  195  10:57  Zergling x2  
  199  11:05  Baneling x3  
  199  11:06  Baneling  
  199  11:09  Zergling x2  
  196  11:13  Zergling x4  
  196  11:15  Baneling, Zergling x2  
  196  11:16  Baneling x3  
  196  11:17  Drone  
  198  11:19  Zergling x2  
  199  11:27  Zergling x4  
  199  11:28  Zergling x2  
  199  11:31  Zergling x4  
  124  11:41  Zergling x2  
  116  11:56  Zergling x4  
Show
View Real Time Build Order
Export as new Build Order

uThermal Terran - Winner!

Build Orders: Liberator Opening, Reaper Expand, Bio Tank 

Get SALT Encoding   

  12  0:00  SCV  
  13  0:13  SCV  
  14  0:17  Supply Depot  
  14  0:25  SCV  
  15  0:39  SCV  
  15  0:40  Barracks  
  16  0:44  Refinery  
  16  0:51  SCV  
  17  1:03  SCV  
  18  1:15  SCV  
  19  1:27  Orbital Command  
  19  1:28  Reaper  
  20  1:41  Command Center  
  20  1:49  Supply Depot  
  20  1:53  SCV  
  21  2:00  Marine  
  22  2:08  Factory  
  22  2:10  SCV  
  23  2:17  Marine  
  23  2:22  SCV  
  24  2:37  Barracks Reactor  
  24  2:39  SCV  
  25  2:46  Refinery  
  25  2:51  SCV  
  26  3:03  Orbital Command  
  26  3:04  SCV  
  27  3:14  Marine x2  
  27  3:16  SCV  
  30  3:20  Bunker  
  30  3:25  Factory Tech Lab  
  30  3:27  Starport  
  30  3:28  SCV  
  30  3:31  SCV  
  30  3:32  Marine x2  
  34  3:40  SCV  
  35  3:44  SCV  
  35  3:45  Supply Depot  
  35  3:47  Siege Tank  
  38  3:49  Liberator  
  38  3:52  SCV  
  38  3:53  Marine x2  
  41  3:56  SCV  
  41  3:59  Supply Depot  
  42  4:04  SCV  
  42  4:08  SCV  
  48  4:17  SCV  
  48  4:20  SCV  
  49  4:27  Command Center  
  49  4:29  SCV  
  49  4:31  Siege Tank  
  49  4:37  SCV, Marine x2  
  55  4:40  Liberator  
  55  4:41  SCV  
  55  4:45  Barracks  
  56  4:49  SCV  
  56  4:50  Barracks  
  57  4:53  SCV  
  57  4:58  Supply Depot  
  60  5:01  SCV  
  60  5:07  Marine  
  62  5:15  Refinery, Engineering Bay  
  62  5:16  Refinery  
  62  5:19  Marine  
  62  5:20  Engineering Bay  
  63  5:24  SCV x2, Marine  
  63  5:27  Siege Tank  
  69  5:34  Supply Depot  
  69  5:37  Marine  
  69  5:38  Supply Depot, Barracks Tech Lab x2  
  69  5:41  SCV x2  
  72  5:43  Starport Reactor  
  72  5:48  Marine  
  73  5:53  SCV x2  
  75  5:57  Combat Shields, Marine  
  75  5:58  Stimpack  
  76  6:04  Marine x2  
  76  6:05  SCV x2  
  83  6:15  Barracks  
  83  6:16  Barracks  
  80  6:19  Terran Infantry Weapons Level 1, Terran Infantry Armor Level 1  
  81  6:25  SCV x2  
  81  6:27  Orbital Command  
  81  6:30  Marine  
  81  6:31  Marine  
  81  6:32  Marine  
  85  6:35  Medivac  
  85  6:37  SCV  
  85  6:39  Medivac  
  90  6:42  SCV, Marine  
  89  6:47  Supply Depot  
  89  6:49  Supply Depot  
  89  6:50  SCV  
  90  6:56  Marine  
  90  6:57  Marauder  
  90  6:58  Marine  
  96  7:03  Supply Depot, Barracks Reactor  
  96  7:04  Barracks Reactor  
  96  7:06  SCV x2  
  96  7:07  SCV  
  98  7:10  Supply Depot  
  98  7:11  Marine  
  98  7:12  Supply Depot  
  98  7:14  Medivac  
  99  7:16  Medivac  
  99  7:19  SCV, Marine  
  99  7:20  Marine  
  99  7:22  Concussive Shells  
  102  7:23  Marine  
  102  7:26  SCV  
  102  7:29  Marine  
  105  7:31  SCV  
  105  7:32  SCV  
  105  7:36  Armory, Siege Tank  
  110  7:40  SCV  
  110  7:41  Supply Depot  
  110  7:42  Marine  
  110  7:44  SCV x2  
  114  7:46  Marine x2  
  114  7:50  Marine  
  114  7:51  Marine x2, Marauder  
  116  7:57  Medivac x2  
  122  8:00  Marine x2  
  122  8:04  Supply Depot  
  124  8:08  Siege Tank  
  124  8:10  Marine  
  124  8:11  Marine x4  
  124  8:12  Marauder  
  134  8:14  Supply Depot  
  134  8:18  Marine x2  
  136  8:28  Barracks, Marine  
  136  8:29  Marine  
  136  8:30  Marine  
  139  8:35  Marine  
  139  8:36  Barracks, Marine  
  139  8:39  Barracks  
  139  8:40  Siege Tank  
  148  8:43  Terran Infantry Weapons Level 2  
  148  8:48  Terran Infantry Armor Level 2  
  144  8:50  Marine x2  
  144  8:51  Refinery x2, Marauder  
  144  8:53  Marine x2  
  150  9:01  Command Center  
  150  9:02  Marine x2  
  154  9:03  Supply Depot x2, Marauder  
  154  9:06  Medivac  
  154  9:09  Medivac  
  156  9:19  Marine  
  156  9:20  Marine  
  156  9:21  Marauder  
  159  9:32  Marine x2  
  159  9:33  Barracks Tech Lab x3, Marauder  
  159  9:35  Supply Depot, Medivac  
  159  9:36  Supply Depot  
  159  9:37  Marine  
  159  9:38  Supply Depot, Marine  
  165  9:42  Siege Tank, Marauder  
  165  9:45  Marine  
  170  9:54  Marauder  
  170  9:56  Marine x2  
  170  9:57  Marauder x2  
  170  9:58  Marine  
  178  10:02  Marine  
  178  10:03  Marine x2, Marauder  
  180  10:07  Marine  
  180  10:14  Factory, Siege Tank, Marine  
  181  10:16  Marauder  
  181  10:17  Marine  
  181  10:18  Marauder x2  
  181  10:19  Marine  
  193  10:27  Marine  
  193  10:28  Marauder  
  191  10:31  Marine  
  191  10:32  Marauder  
  191  10:33  Marine  
  191  10:37  Marauder, Marine x2  
  191  10:40  Marauder  
  191  10:41  Marine x2  
  198  10:47  Siege Tank  
  200  11:05  Factory Tech Lab  
  198  11:15  Marauder, Marine x2  
  198  11:16  Marauder  
  194  11:19  Siege Tank  
  194  11:21  Marine  
  194  11:22  Marauder  
  200  11:28  Marine  
  188  11:37  Marine  
  188  11:38  Marauder  
  183  11:41  Marine  
  183  11:42  Marauder, Marine  
  183  11:45  Marauder, Marine x2  
  183  11:47  Marauder, Marine  
  185  11:50  Marine  
  193  12:04  Factory Tech Lab  

Tags
 
Add a new tag
Caveats
  • Supply blocks, unpowered buildings, or Contaminate may cause inaccurate times.
  • Supply counts are checked every 10 seconds.